 Dungeon Crawl Stone Soup version 0.30-a0-137-gd8773701ce (webtiles) character file.

Game seed: 13069139465671183966

3907 ImAmAmBug the Basher (level 10, -1/87 HPs)
             Began as an Octopode Transmuter on Sept 23, 2022.
             Slain by sirJeffrey23's ghost (11 damage)
             ... on level 7 of the Dungeon.
             The game lasted 00:12:30 (6870 turns).

ImAmAmBug the Basher (Octopode Transmuter)          Turns: 6870, Time: 00:12:30

Health: -1/87      AC: 29    Str: 10    XL:     10   Next: 20%
Magic:  13/13      EV:  2    Int: 17    God:
Gold:   346        SH:  0    Dex: 17    Spells: 6/13 levels left

rFire   . . .      SeeInvis .    e - +6 shillelagh "Devastator" {shatter}
rCold   . . .      Faith    .    j - +1 buckler
rNeg    . . .      Spirit   .    (helmet currently unavailable)
rPois   +          Reflect  .    (no amulet)
rElec   +          Harm     .    f - +4 ring of protection
rCorr   .          Rampage  .    h - ring of the Scavenger {rElec Will+ Str-3 Int+2 Dex+3}
Will    ++...      NoTele   +    g - ring of willpower
Stlth   ++........               c - +4 ring of slaying
HPRegen 0.24/turn                (no ring)
MPRegen 0.13/turn                (no ring)
                                 (no ring)
                                 (no ring)

@: confused, tree-form (expiring), ambrosia-drunk, hasted, very quick
A: stationary, stasis, torment immunity, boosted hp, almost no armour,
(amphibious), 8 rings, (camouflage 1), (gelatinous body 1), (nimble swimmer 1),
(tentacles)
a: no special abilities


You were on level 7 of the Dungeon.
You were a tree.
You visited 1 branch of the dungeon, and saw 7 of its levels.

You collected 346 gold pieces.

Inventory:

Hand Weapons
 e - the +6 shillelagh "Devastator" (weapon) {shatter}
   (You found it on level 2 of the Dungeon)

   It releases a powerful concussive burst when it strikes, dealing extra damage
   to the target and all other foes adjacent to them.
Armour
 j - a +1 buckler (worn)
Jewellery
 c - a +4 ring of slaying (on tentacle)
 f - a +4 ring of protection (left branch)
 g - a ring of willpower (on tentacle)
 h - the ring of the Scavenger (right branch) {rElec Will+ Str-3 Int+2 Dex+3}
   (You acquired it on level 2 of the Dungeon)

   [ring of willpower]

   Str:       It affects your strength (-3).
   Int:       It affects your intelligence (+2).
   Dex:       It affects your dexterity (+3).
   rElec:     It insulates you from electricity.
   Will:      It increases your willpower.
Wands
 n - a wand of polymorph (4)
Scrolls
 d - a scroll of enchant armour
 k - 2 scrolls of butterflies {unknown}
 m - 2 scrolls of teleportation
 o - a scroll of fear
 q - a scroll of immolation
 r - a scroll of torment
Potions
 a - a potion of lignification
 i - a potion of brilliance
 l - a potion of resistance
 p - 2 potions of flight


   Skills:
 - Level 1.0 Fighting
 + Level 8.6 Maces & Flails
 + Level 3.9 Dodging
 - Level 7.4 Stealth
 - Level 5.0 Shields
 - Level 3.2 Unarmed Combat
 - Level 2.0 Spellcasting
 - Level 5.4 Transmutations
 + Level 3.2 Air Magic
 + Level 5.8 Poison Magic


You had 6 spell levels left.
You knew the following spells:

 Your Spells              Type           Power      Damage    Failure   Level
a - Beastly Appendage     Tmut           40%        N/A       2%          1
b - Spider Form           Tmut/Pois      20%        N/A       8%          3
c - Mephitic Cloud        Conj/Pois/Air  11%        N/A       22%         3

Your spell library contained the following spells:

 Spells                   Type           Power      Damage    Failure   Level
 Wereblood                Tmut           20%        N/A       4%          2
 Passwall                 Tmut/Erth      8%         N/A       12%         2
 Magic Dart               Conj           4%         1d3       24%         1
 Sandblast                Erth           2%         2d4       24%         1
 Call Imp                 Summ           1%         N/A       36%         2
 Portal Projectile        Hex/Tloc       2%         N/A       58%         3
 Stone Arrow              Conj/Erth      2%         3d7       58%         3
 Tukima's Dance           Hex            1%         N/A       58%         3
 Blade Hands              Tmut           10%        N/A       58%         5
 Ice Form                 Ice/Tmut       10%        N/A       63%         4
 Yara's Violent Unravell  Hex/Tmut       5%         3d4       92%         5
 Anguish                  Hex/Necr       0%         N/A       94%         4
 Passage of Golubria      Tloc           1%         N/A       94%         4
 Enfeeble                 Hex            0%         N/A       100%        7


Dungeon Overview and Level Annotations

Branches:
Dungeon (7/15)
 Temple: D:4-7

Altars:
Dithmenos
Fedhas
Gozag
Kikubaaqudgha
Ru
Uskayaw
Xom
The Shining One

Shops:
D:5 [

Annotations:
D:7 Eustachio; sirJeffrey23's ghost, novice HOFi


Innate Abilities, Weirdness & Mutations

You are a tree.
Your roots penetrate the ground, keeping you stationary.
You cannot be teleported.
You are immune to unholy pain and torment.
Your maximum health is greatly increased.
You cannot wear most types of armour.
((You are amphibious.))
You can wear up to eight rings at the same time.
((Your skin changes colour to match your surroundings (Stealth+).))
((Your rubbery body absorbs attacks. (AC +1, EV +1)))
((You are camouflaged when in or above water. (Stealth+)))
((You have tentacles for arms and can constrict up to eight enemies at once.))


Message History

You hit sirJeffrey23's ghost.
SirJeffrey23's ghost is moderately damaged. x2
SirJeffrey23's ghost hits you.
* * * LOW HITPOINT WARNING * * *
Unknown command.
Unknown command.
You are confused.
You feel invigorated.
SirJeffrey23's ghost hits you but does no damage.
Unknown command.
The kobold shouts!
You hit sirJeffrey23's ghost but do no damage.
SirJeffrey23's ghost is moderately damaged.
Unknown command.
You swing at nothing.
SirJeffrey23's ghost hits you!
* * * LOW HITPOINT WARNING * * *
Unknown command.
You swing at nothing.
SirJeffrey23's ghost hits you.
* * * LOW HITPOINT WARNING * * *
You attack the tree.
You barely miss sirJeffrey23's ghost.
SirJeffrey23's ghost is moderately damaged.
SirJeffrey23's ghost hits you but does no damage.
You hit sirJeffrey23's ghost but do no damage.
SirJeffrey23's ghost is moderately damaged.
Your transformation is almost over.
SirJeffrey23's ghost says, "I used to walk on water.
Now I just fly over it."
SirJeffrey23's ghost hits you!
* * * LOW HITPOINT WARNING * * *
A kobold comes into view. It is wielding a +0 dagger.
Unknown command.
You attack the tree.
The kobold shouts!
Unknown command.
Okay, then.
Unknown command.
You hit sirJeffrey23's ghost but do no damage.
SirJeffrey23's ghost is moderately damaged.
SirJeffrey23's ghost hits you!
You die...

#.#.# #.##... #.#.#########
#.##... #...........####
#.##...
###>...........########.##...
#.............)........'...
#.#######.............##...
### ####)###...........
###).)..)).......###
#))♣...##........#
♣.♣)♣W..#...........
.P..)#...#.#+#####....
...K..#.#)#.# # #....
K....###...#.#.#
♣...#####..#.#.# ...#
#P..).....# .♣#
#♣....#.########
##............#


You could see sirJeffrey23's ghost and 2 kobolds.

Vanquished Creatures
  Pikel (D:4)
  A kobold demonologist (D:7)
  Sigmund (D:5)
  3 water moccasins
  2 orc warriors
  2 ice beasts (D:6)
  2 black bears
  2 ogres
  A centaur (D:7)
  6 kobold brigands
  4 lemures (D:4)
  2 necrophages (D:5)
  4 bullfrogs
  3 scorpions
  A gnoll sergeant (D:7)
  A howler monkey (D:5)
  6 hounds
  2 jellies
  An orc priest (D:6)
  A gnoll bouda (D:5)
  3 iguanas
  3 orc wizards
  Robin (D:3)
  13 gnolls
  6 adders
  3 white imps
  An ufetubus (D:5)
  3 worms
  3 dart slugs
  18 orcs
  6 bats
  9 endoplasms
  3 giant cockroaches
  11 goblins
  12 hobgoblins
  12 jackals
  28 kobolds
  4 quokkas
  5 ball pythons
  2 frilled lizards
  3 rats
195 creatures vanquished.

Vanquished Creatures (others)
  3 fungi
  62 plants
65 creatures vanquished.

Grand Total: 260 creatures vanquished

Notes
Turn   | Place    | Note
-------+----------+-------------------------------------------
     0 | D:1      | ImAmAmBug the Octopode Transmuter began the quest for the
                  | Orb.
     0 | D:1      | Reached XP level 1. HP: 13/13 MP: 3/3
   302 | D:1      | Reached skill level 1 in Stealth
   338 | D:1      | Reached XP level 2. HP: 10/18 MP: 5/5
  1074 | D:2      | Found the +6 shillelagh "Devastator" {shatter}
  1166 | D:2      | Found a blossoming altar of Fedhas.
  1178 | D:2      | Reached XP level 3. HP: 23/23 MP: 6/6
  1529 | D:2      | Reached skill level 1 in Maces & Flails
  1533 | D:2      | Identified a scroll of acquirement
  1533 | D:2      | Acquired the ring of the Scavenger {rElec Will+ Str-3 Int+2
                  | Dex+3}
  1792 | D:3      | Found a sacrificial altar of Ru.
  1849 | D:3      | Reached XP level 4. HP: 27/28 MP: 7/7
  1890 | D:3      | Reached skill level 2 in Maces & Flails
  1910 | D:3      | Noticed Robin
  1919 | D:3      | Killed Robin
  1921 | D:3      | Reached XP level 5. HP: 28/33 MP: 8/8
  2083 | D:3      | Found an ancient bone altar of Kikubaaqudgha.
  2097 | D:3      | Found a faded altar of an unknown god.
  2286 | D:3      | Found a shimmering altar of Xom.
  2633 | D:3      | Found a glowing golden altar of the Shining One.
  2829 | D:4      | Noticed a lemure
  2850 | D:4      | Killed a lemure
  2872 | D:4      | Noticed Pikel
  2873 | D:4      | Noticed a lemure
  2873 | D:4      | Noticed a lemure
  2882 | D:4      | Noticed a lemure
  2905 | D:4      | Killed a lemure
  2907 | D:4      | Killed a lemure
  2967 | D:4      | Killed a lemure
  2973 | D:4      | Killed Pikel
  2974 | D:4      | Reached skill level 5 in Maces & Flails
  2974 | D:4      | Reached skill level 5 in Stealth
  2974 | D:4      | Reached XP level 6. HP: 17/38 MP: 9/9
  2974 | D:4      | Reached XP level 7. HP: 19/43 MP: 10/10
  3478 | D:4      | Learned a level 3 spell: Spider Form
  3482 | D:4      | Learned a level 3 spell: Mephitic Cloud
  3501 | D:4      | Reached XP level 8. HP: 41/48 MP: 11/11
  3764 | D:5      | Entered Level 5 of the Dungeon
  3782 | D:5      | Reached skill level 1 in Shields
  3967 | D:5      | Found Rorcho's Antique Armour Shop.
  3967 | D:5      | Noticed Sigmund
  3970 | D:5      | Reached skill level 6 in Maces & Flails
  3982 | D:5      | Reached skill level 5 in Transmutations
  3986 | D:5      | HP: 1/48 [something (10)]
  3989 | D:5      | Killed Sigmund
  4371 | D:5      | Reached skill level 7 in Maces & Flails
  4372 | D:5      | Reached XP level 9. HP: 45/53 MP: 12/12
  4376 | D:5      | Reached skill level 1 in Poison Magic
  4392 | D:5      | Found a hide-covered altar of Uskayaw.
  4393 | D:5      | Found a shadowy altar of Dithmenos.
  5410 | D:6      | Found a blossoming altar of Fedhas.
  5457 | D:6      | Noticed a green ugly thing
  5675 | D:6      | Reached skill level 5 in Shields
  5724 | D:6      | Reached skill level 8 in Maces & Flails
  5724 | D:6      | Reached skill level 1 in Air Magic
  5811 | D:6      | Found an opulent altar of Gozag.
  6115 | D:5      | Noticed a rust devil
  6115 | D:5      | Noticed a rust devil
  6507 | D:7      | Reached skill level 5 in Poison Magic
  6579 | D:7      | Reached XP level 10. HP: 56/58 MP: 10/13
  6607 | D:7      | Found a runed translucent gate.
  6608 | D:7      | Found a runed translucent gate.
  6610 | D:7      | Found a runed translucent gate.
  6610 | D:7      | Noticed sirJeffrey23's ghost (novice HOFi)
  6612 | D:7      | Noticed a kobold demonologist
  6614 | D:7      | Noticed Eustachio
  6776 | D:7      | Killed a kobold demonologist
  6865 | D:7      | HP: 4/87 [sirJeffrey23's ghost (4)]
  6870 | D:7      | Slain by sirJeffrey23's ghost

Illustrated notes

Levels and vault maps discovered:
D:1:      eino_arrival_cavern_b, layout_loops_ring
D:2:      layout_loops_ring, basic_altar
D:3:      layout_basic, mainiacjoe_overflow_paths,
          nicolae_overflow_hidden_temple, marbit_many_paths,
          mainiacjoe_overflow_24_doors, shapermc_ecumenical_altar_hornbeckon,
          uniq_robin
D:4:      layout_basic, uniq_pikel
D:5:      cheibrodos_iron_armory, layout_rooms,
          mainiacjoe_overflow_divided_tiny, serial_shops, nicolae_shop_crystal,
          minmay_misc_feat_roman, corexii_shack, uniq_sigmund
D:6:      minmay_opposing_rooms, layout_basic, fedhas_altar_2,
          amcnicky_altar_gilded, patterned_corridor
D:7:      kennysheep_kobold_camp, layout_basic, minmay_temple_entry_trees,
          gammafunk_ghost_nasty_kobolds, sword_in_stone

Skill      XL: |  1  2  3  4  5  6  7  8  9 10 |
---------------+-------------------------------+-----
Stealth        | 1 2 3 5 6 7 |  7.4
Maces & Flails | 1 2 5 7 8 |  8.6
Transmutations | 3 4 5 |  5.4
Shields        | 3 5 |  5.0
Poison Magic   | 5 |  5.8
Air Magic      | 2 3 |  3.2
Dodging        | 3 |  3.9
Fighting       | |  1.0
Unarmed Combat | |  3.2
Spellcasting   | |  2.0

Action                   |  1- 3 |  4- 6 |  7- 9 | 10-12 || total
-------------------------+-------+-------+-------+-------++-------
Melee: Unarmed           |    33 |       |       |       ||    33
       Constrict         |    15 |    12 |    21 |     2 ||    50
       Tentacles         |    11 |     6 |    15 |       ||    32
       Punch             |     2 |       |     1 |       ||     3
       Shillelagh        |    27 |    60 |   118 |    40 ||   245
 Cast: Mephitic Cloud    |       |       |     1 |       ||     1
Evoke: Wand              |       |       |     7 |       ||     7
  Use: Scroll            |     2 |       |    10 |     1 ||    13
       Potion            |       |       |     9 |     4 ||    13
 Stab: Sleeping          |     6 |     8 |    13 |       ||    27
       Distracted        |       |       |     2 |       ||     2
Armor: Skin              |     8 |     5 |    12 |    27 ||    52
Dodge: Dodged            |    20 |    27 |    53 |    10 ||   110
Block: Buckler           |     2 |    13 |    20 |     7 ||    42

Table legend: (Time is in decaauts)
 A = Elapsed time spent in this place.
 B = Non-inter-level travel time spent in this place.
 C = Inter-level travel time spent in this place.
 D = Time resting spent in this place.
 E = Time spent auto-exploring this place.
 F = Levels seen in this place.
 G = Mean time per level.
                   A        B        C        D        E       F      G
               +--------+--------+--------+--------+--------+-----+--------+
         Total |   6876 |   6574 |    302 |   1940 |   3465 |   7 |  982.3 |
       Dungeon |   6876 |   6574 |    302 |   1940 |   3465 |   7 |  982.3 |
               +--------+--------+--------+--------+--------+-----+--------+

Top non-repeatable levels by time:
     D:5: 1182 daAuts
     D:6: 1171 daAuts
     D:4: 1104 daAuts
     D:1: 1047 daAuts
     D:3: 994 daAuts
     D:2: 734 daAuts
     D:7: 641 daAuts
